AoeStats
← jaydon9944

MegaRandom

508572638Analyzed
2v2 RM · 10d ago on Sep 23, 2026· 60m 54s· 4 players
Game mode
Random Map
Map size
Medium (4 player)
Population
200
Speed
Normal
Resources
Standard
Victory
Conquest
Starting age
Dark Age
Ending age
Imperial Age
RankedLock teamsTeams togetherTeam positionsShared explorationLock speedFull tech treeHidden civsTurbo modeCheats
Victory
Defeat
🇺🇸 Varangians · United States
1171
+22
🇺🇸 Franks · United States
1170
+22
🇺🇸 Saracens · United States
1309
-22
🇺🇸 Japanese · United States
1308
-22
Monkeykapaa
6:19 Loom
8:53 Feudal Age
9:30 Double-Bit Axe
14:28 Bloodlines
15:43 Horse Collar
16:59 Scale Barding Armor
18:38 Wheelbarrow
21:28 Castle Age
20:05 Forging
20:18 Fletching
23:18 Bow Saw
23:16 Bodkin Arrow
24:01 Husbandry
25:32 Heavy Plow
25:20 Town Watch
26:39 Ballistics
27:10 Padded Archer Armor
29:54 Leather Archer Armor
32:23 Hand Cart
36:36 Imperial Age
33:47 Pikeman
34:28 Squires
34:32 Scale Mail Armor
35:28 Stone Mining
35:28 Gold Mining
36:40 Chain Mail Armor
38:18 Bracer
38:16 Cranequins
40:09 Chemistry
39:21 Halberdier
42:34 Plate Mail Armor
42:38 Heavy Mounted Crossbowman
43:47 Forging
49:03 Town Patrol
49:43 Ring Archer Armor
48:35 Elite Skirmisher
51:38 Iron Casting
51:08 Elite Varangian Guard
53:55 Blast Furnace
53:37 Conscription
53:15 Gambesons
53:23 Gothikon
54:21 Arson
jaydon9944
6:40 Loom
9:24 Feudal Age
10:10 Double-Bit Axe
14:11 Fletching
19:45 Castle Age
18:57 Gold Mining
20:37 Wheelbarrow
20:42 Wheelbarrow
21:02 Bodkin Arrow
21:10 Padded Archer Armor
24:25 Bow Saw
25:41 Stone Mining
26:31 Gold Shaft Mining
26:40 Scale Barding Armor
26:46 Forging
28:00 Husbandry
27:29 Light Cavalry
32:11 Pikeman
32:55 Squires
33:31 Ordonnance Companies
37:25 Imperial Age
37:34 Iron Casting
37:07 Scale Mail Armor
37:44 Ballistics
38:39 Conscription
40:05 Blast Furnace
40:29 Chemistry
39:46 Masonry
39:42 Siege Engineers
40:42 Heavy Mounted Crossbowman
41:38 Cranequins
42:23 Arson
44:24 Chain Mail Armor
45:40 Elite Throwing Axeman
48:03 Plate Mail Armor
48:16 Chain Barding Armor
49:55 Hand Cart
Humansandwich
11:13 Feudal Age
11:02 Loom
14:16 Horse Collar
17:53 Double-Bit Axe
22:06 Castle Age
21:46 Scale Mail Armor
22:02 Gold Mining
23:39 Bow Saw
25:46 Wheelbarrow
25:15 Town Watch
26:05 Fletching
26:46 Bodkin Arrow
28:53 Ballistics
29:18 Padded Archer Armor
33:40 Hand Cart
33:19 Pikeman
35:11 Leather Archer Armor
39:09 Imperial Age
37:04 Chain Mail Armor
36:39 Elite Skirmisher
38:07 Thumb Ring
39:26 Heavy Cavalry Archer
41:04 Parthian Tactics
42:26 Chemistry
44:09 Conscription
44:25 Plate Mail Armor
47:19 Forging
56:06 Bracer
59:49 Ring Archer Armor
JBEN52
4:10 Loom
12:07 Feudal Age
12:42 Double-Bit Axe
17:43 Castle Age
16:10 Scale Barding Armor
17:46 Forging
21:33 Bloodlines
22:23 Chain Barding Armor
22:59 Husbandry
25:37 Horse Collar
26:59 Iron Casting
26:22 Fletching
27:28 Bow Saw
30:41 Ballistics
35:30 Wheelbarrow
36:20 Bodkin Arrow
36:55 Hand Cart
39:31 Imperial Age
39:54 Heavy Camel Rider
42:06 Plate Barding Armor
43:33 Blast Furnace
43:23 Conscription
44:32 Bracer
51:50 Onager
54:31 Elite Mameluke
56:41 Onager
Connection lost

Rejoining the realm…

Still unreachable

The connection could not be restored.

Session expired

The server has moved on; the page needs a fresh start.